 Dungeon Crawl Stone Soup version 0.31-a0-234-gad7ace16ef (webtiles) character file.

Game seed: 4810363771464113660

1516 Ijustatesigmund the Stinger (level 8, -1/48 HPs)
             Began as an Octopode Venom Mage on July 10, 2023.
             Splashed by a jelly's acid (7 damage)
             ... on level 6 of the Dungeon.
             The game lasted 00:12:19 (8059 turns).

Ijustatesigmund the Stinger (Octopode Venom Mage)   Turns: 8059, Time: 00:12:20

Health: -1/48      AC:  0    Str:  7    XL:     8   Next: 83%
Magic:  15/15      EV: 18    Int: 20    God:
Gold:   71         SH:  0    Dex: 12    Spells: 7/17 levels left

rFire   . . .        r - +2 flail (protect)
rCold   + . .        (no shield)
rNeg    + . .        (helmet restricted)
rPois   .            (no amulet)
rElec   .            p - ring of positive energy
rCorr   .            c - +5 ring of evasion
SInv    .            f - ring of protection from cold
Will    .....        (no ring)
Stlth   +++          (no ring)
HPRegen 0.28/turn    (no ring)
MPRegen 0.14/turn    (no ring)
                     (no ring)

%: no passive effects
@: corroded, under a protective aura
A: almost no armour, amphibious, 8 rings, camouflage 1, gelatinous body 1,
(nimble swimmer 1), tentacles
a: no special abilities


You were on level 6 of the Dungeon.
You visited 1 branch of the dungeon, and saw 6 of its levels.
You also visited: Sewer.

You collected 226 gold pieces.
You spent 155 gold pieces at shops.

Inventory:

Hand Weapons
 d - a +2 war axe
 r - a +2 flail of protection (weapon)
Missiles
 h - 3 throwing nets
Jewellery
 c - a +5 ring of evasion (right tentacle)
 f - a ring of protection from cold (on tentacle)
 p - a ring of positive energy (left tentacle)
Wands
 j - a wand of iceblast (20)
 q - a wand of acid (6)
Scrolls
 b - 3 scrolls of teleportation
 i - a scroll of butterflies
 n - 2 scrolls of blinking
 o - a scroll of fear
 u - a scroll of amnesia
Potions
 a - 3 potions of magic
 e - 3 potions of heal wounds
 g - 2 potions of haste
 k - a potion of enlightenment
 l - a potion of lignification
 m - a potion of curing
 s - a potion of attraction {unknown}
 v - a potion of invisibility {unknown}
 w - a potion of might {unknown}
 z - a potion of mutation {unknown}


   Skills:
 - Level 1.6 Fighting
 - Level 2.0 Dodging
 - Level 2.6 Stealth
 + Level 5.3 Spellcasting
 + Level 4.7 Conjurations
 - Level 1.0 Transmutations
 + Level 5.0 Air Magic
 + Level 7.4 Poison Magic


You had 7 spell levels left.
You knew the following spells:

 Your Spells              Type           Power      Damage    Failure   Level
a - Sting                 Tmut/Pois      88%        1d7       1%          1
b - Poisonous Vapours     Pois/Air       60%        N/A       1%          2
c - Mephitic Cloud        Conj/Pois/Air  28%        N/A       3%          3
d - Olgreb's Toxic Radia  Pois           35%        N/A       5%          4

Your spell library contained the following spells:

 Spells                   Type           Power      Damage    Failure   Level


Dungeon Overview and Level Annotations

Branches:
Dungeon (6/15)             Temple (0/1) D:6           Sewer (visited)

Altars:
Dithmenos
Hepliaklqana

Shops:
D:3 [   D:5 ?


Innate Abilities, Weirdness & Mutations

You cannot wear most types of armour.
You are amphibious.
You can wear up to eight rings at the same time.
Your skin changes colour to match your surroundings (Stealth+).
Your rubbery body absorbs attacks. (AC +1, EV +1)
((You are camouflaged when in or above water. (Stealth+)))
You have tentacles for arms and can constrict up to eight enemies at once.


Message History

The jelly hits you but does no damage.
You hit the jelly. The acid corrodes you!
Your tentacles burn!
The jelly is lightly wounded.
The jelly barely misses you. The jelly closely misses you.
You hit the jelly.
Your tentacles burn!
The jelly is heavily wounded.
The jelly hits you but does no damage.
You hit the jelly but do no damage.
Your tentacles burn!
The jelly is heavily wounded.
The jelly hits you.
You are splashed with acid!
You are too injured to fight recklessly!
You are too injured to fight recklessly!
You are too injured to fight recklessly!
You are too injured to fight recklessly!
You are too injured to fight recklessly!
You are too injured to fight recklessly!
You are too injured to fight recklessly!
You are too injured to fight recklessly!
You are too injured to fight recklessly!
You are too injured to fight recklessly!
You are too injured to fight recklessly!
You are too injured to fight recklessly!
You are too injured to fight recklessly!
You are too injured to fight recklessly!
You are too injured to fight recklessly!
You hit the jelly.
Your tentacles burn!
The jelly is heavily wounded.
The jelly misses you. The jelly hits you. The acid corrodes you!
You are splashed with acid!
* * * LOW HITPOINT WARNING * * *
You hit the jelly but do no damage.
Your tentacles burn!
* * * LOW HITPOINT WARNING * * *
The jelly is heavily wounded.
The jelly misses you.
You barely miss the jelly.
The jelly is heavily wounded.
The jelly hits you.
* * * LOW HITPOINT WARNING * * *
You are splashed with acid!
You die...

###*** #..,,*
#.####
#############.##.#
#...........#.##.#
#.#########.#.##.#
###.# #.#.##.#
#...## ###.#.##.#
#.8@.# #........#
#.J_.#
###...###..#
#.8..#
#..........#
#....#
#.#...###.##
###..#
#..........) #.##
#####.###.## #.#
#####)....##
#.#####..)........
*,.......[..###..#


You could see a jelly.

Vanquished Creatures
  Sigmund (D:3)
  2 steam dragons (D:6)
  A water moccasin (D:5)
  An ice beast (D:5)
  2 phantoms
  2 kobold brigands (Sewer)
  A scorpion (D:6)
  3 orc priests
  2 iguanas
  5 orc wizards
  8 gnolls (D:5)
  9 adders
  2 worms
  14 orcs
  6 endoplasms
  11 giant cockroaches
  6 goblins
  7 hobgoblins
  6 jackals
  21 kobolds
  6 quokkas
  5 ball pythons
  7 bats
  7 frilled lizards
  5 rats
140 creatures vanquished.

Notes
Turn   | Place    | Note
-------+----------+-------------------------------------------
     0 | D:1      | Ijustatesigmund the Octopode Venom Mage began the quest for
                  | the Orb.
     0 | D:1      | Reached XP level 1. HP: 11/11 MP: 3/3
   245 | D:1      | Reached XP level 2. HP: 18/18 MP: 1/5
   328 | D:1      | Learned a level 2 spell: Poisonous Vapours
   431 | D:1      | Reached skill level 1 in Fighting
   431 | D:1      | Reached skill level 4 in Poison Magic
   768 | D:1      | Reached XP level 3. HP: 23/23 MP: 3/6
  1807 | D:2      | Reached skill level 1 in Air Magic
  1854 | D:2      | Reached XP level 4. HP: 18/28 MP: 5/7
  1923 | D:2      | Learned a level 3 spell: Mephitic Cloud
  2982 | D:3      | Found Pefeag's Antique Armour Shop.
  2987 | D:3      | Noticed Sigmund
  3272 | D:3      | Killed Sigmund
  3273 | D:3      | Reached skill level 5 in Poison Magic
  3273 | D:3      | Reached XP level 5. HP: 22/33 MP: 4/10
  3273 | D:3      | Reached XP level 6. HP: 25/38 MP: 4/11
  3429 | D:3      | Learned a level 4 spell: Olgreb's Toxic Radiance
  4218 | D:4      | Identified the +3 ring mail of Anaesthesia {rPois Dex+3}
  4662 | D:5      | Entered Level 5 of the Dungeon
  4672 | D:4      | Reached XP level 7. HP: 11/43 MP: 5/12
  5796 | D:5      | Found Vekuest's Magic Scroll Boutique.
  5801 | D:5      | Bought a scroll of identify for 20 gold pieces
  5801 | D:5      | Bought a scroll of blinking for 75 gold pieces
  5801 | D:5      | Bought a scroll of fear for 40 gold pieces
  5801 | D:5      | Bought a scroll of identify for 20 gold pieces
  5860 | D:5      | Reached skill level 6 in Poison Magic
  5941 | D:5      | Reached XP level 8. HP: 13/48 MP: 3/14
  7236 | D:6      | Found a hazy altar of Hepliaklqana.
  7295 | D:6      | Reached skill level 5 in Spellcasting
  7295 | D:6      | Reached skill level 7 in Poison Magic
  7393 | D:6      | Found a glowing drain.
  7407 | Sewer    | Entered a sewer
  7850 | Sewer    | Reached skill level 5 in Air Magic
  8048 | D:6      | Found a shadowy altar of Dithmenos.
  8059 | D:6      | Splashed by a jelly's acid

Illustrated notes

Levels and vault maps discovered:
D:1:      ncdulo_watergridlock, layout_basic, minmay_tree_intersection,
          kennysheep_nondescript
D:2:      layout_basic
D:3:      layout_rooms, serial_shops, shop, uniq_sigmund
D:4:      layout_loops_ring
D:5:      layout_gridville, serial_shops, shop,
          amcnicky_mini_rare_corridor_liquid
D:6:      layout_loops_ring, minmay_temple_entry_nine_rooms,
          gup_sewer_entry_pipe, hangedman_feature_mirror

Skill      XL: |  1  2  3  4  5  6  7  8 |
---------------+-------------------------+-----
Fighting       | 1 |  1.6
Poison Magic   | 4 5 6 7 |  7.4
Air Magic      | 1 2 3 4 5 |  5.0
Spellcasting   | 3 4 5 |  5.3
Conjurations   | 2 3 4 |  4.7
Dodging        | |  2.0
Stealth        | |  2.6
Transmutations | |  1.0

Action                     |  1- 3 |  4- 6 |  7- 9 || total
---------------------------+-------+-------+-------++-------
  Melee: Tentacles         |     7 |    14 |    30 ||    51
         Unarmed           |     4 |     2 |       ||     6
         Short sword       |    16 |       |       ||    16
         Constrict         |     4 |    17 |    22 ||    43
         Spear             |    13 |       |       ||    13
         War axe           |    11 |    72 |   119 ||   202
         Punch             |       |     2 |     3 ||     5
         Flail             |       |       |     7 ||     7
   Cast: Sting             |    21 |     1 |     1 ||    23
         Poisonous Vapours |    10 |    37 |    18 ||    65
         Mephitic Cloud    |       |     3 |     5 ||     8
         Olgreb's Toxic Ra |       |       |    12 ||    12
    Use: Potion            |     3 |     1 |     3 ||     7
         Scroll            |       |    10 |     8 ||    18
   Stab: Sleeping          |     3 |     2 |     2 ||     7
         Confused          |       |     2 |     1 ||     3
 Armour: Skin              |    15 |     7 |     9 ||    31
  Dodge: Dodged            |    37 |    53 |   121 ||   211

Table legend: (Time is in decaauts)
 A = Elapsed time spent in this place.
 B = Non-inter-level travel time spent in this place.
 C = Inter-level travel time spent in this place.
 D = Time resting spent in this place.
 E = Time spent auto-exploring this place.
 F = Levels seen in this place.
 G = Mean time per level.
                   A        B        C        D        E       F      G
               +--------+--------+--------+--------+--------+-----+--------+
         Total |   8200 |   8088 |    112 |   2858 |   4213 |   7 | 1171.4 |
       Dungeon |   7702 |   7590 |    112 |   2854 |   3788 |   6 | 1283.7 |
         Sewer |    497 |    497 |      0 |      4 |    425 |   1 |  497.0 |
               +--------+--------+--------+--------+--------+-----+--------+

Top non-repeatable levels by time:
     D:5: 1840 daAuts
     D:1: 1792 daAuts
     D:4: 1560 daAuts
     D:2: 1260 daAuts
     D:3: 821 daAuts
   Sewer: 497 daAuts
     D:6: 427 daAuts
